 Dungeon Crawl Stone Soup version 0.32-a0-13-gbaedc5810e (webtiles) character file.

Game seed: 8268132688402387952

3456 Ivernyr the Blocker (level 10, -6/80 HPs)
             Began as a Formicid Fighter on Jan 15, 2024.
             Was a Believer of Wu Jian.
             Mangled by Erica
             ... wielding a +4 scimitar of flaming
              (7 damage)
             ... on level 8 of the Dungeon.
             The game lasted 00:16:16 (6263 turns).

Ivernyr the Blocker (Formicid Fighter)              Turns: 6263, Time: 00:16:17

Health: -6/80      AC: 10    Str: 26    XL:     10   Next: 26%
Magic:  10/10      EV: 12    Int:  7    God:    Wu Jian [**....]
Gold:   339        SH:  6    Dex: 13    Spells: 9/9 levels left

rFire   + . .        a - +4 quarterstaff (chaos)
rCold   . . .        c - +0 buckler
rNeg    + . .        b - +1 ring mail {rN+}
rPois   .            (helmet unavailable)
rElec   .            d - +1 cloak {rCorr}
rCorr   +            (no gloves)
SInv    +            (no boots)
Will    +....        p - amulet of the acrobat
Stlth   +            r - +5 ring of evasion
HPRegen 0.33/turn    o - ring of protection from fire
MPRegen 0.12/turn

%: acrobat
@: lethally poisoned (-6 -> -18), constricted
A: permanent stasis, dig shafts and tunnels, antennae 3, four strong arms
a: Dig, Shaft Self, Renounce Religion, Wall Jump


You were on level 8 of the Dungeon.
You worshipped Wu Jian.
Wu Jian was pleased with you.
You visited 2 branches of the dungeon, and saw 9 of its levels.

You collected 399 gold pieces.
You spent 60 gold pieces at shops.

Inventory:

Hand Weapons
 a - a +4 quarterstaff of chaos (weapon)
 D - the +5 spear "Dyrchubiu" {venom, rElec rPois rN+++ Int-2}
   (You took it off an orc on level 6 of the Dungeon)

   Int-2:     It affects your intelligence (-2).
   rElec:     It insulates you from electricity.
   rPois:     It protects you from poison rN+++: It renders you almost immune to
   negative energy.
Missiles
 C - 2 throwing nets
Armour
 b - a +1 ring mail of positive energy (worn)
 c - a +0 buckler (worn)
 d - a +1 cloak of preservation (worn)
 A - the +5 pair of gloves "Elas" {Rampage rN+++ Dex-2 Slay-4}
   (You found it on level 5 of the Dungeon)

   Dex-2:     It affects your dexterity (-2).
   Slay-4:    It affects your accuracy & damage with ranged weapons and melee
   (-4).
   rN+++:     It renders you almost immune to negative energy.
   Rampage:   It bestows one free step when moving towards enemies.
Jewellery
 o - a ring of protection from fire (right hand)
 p - an amulet of the acrobat (around neck)
 r - a +5 ring of evasion (left hand)
 u - a +6 ring of intelligence
 v - a ring of resist corrosion
Wands
 s - a wand of paralysis (7)
Scrolls
 g - 2 scrolls of fog
 i - a scroll of amnesia
 j - 2 scrolls of butterflies {unknown}
 l - 5 scrolls of teleportation {unknown}
 t - a scroll of fear
 w - 2 scrolls of enchant armour {unknown}
 y - a scroll of silence
 z - 2 scrolls of enchant weapon {unknown}
 B - a scroll of brand weapon {unknown}
Potions
 e - a potion of mutation {unknown}
 f - a potion of attraction {unknown}
 h - 4 potions of degeneration {unknown}
 k - a potion of berserk rage {unknown}
 m - 2 potions of brilliance {unknown}
 n - a potion of invisibility {unknown}
 q - 5 potions of curing {unknown}
 x - a potion of heal wounds


   Skills:
 + Level 7.9 Fighting
 + Level 6.9 Staves
 + Level 8.0 Armour
 + Level 9.6 Shields
 + Level 4.9 Evocations


You had 9 spell levels left.
You didn't know any spells.
Your spell library contained the following spells:

 Spells                   Type           Power      Damage    Failure   Level
 Sandblast                Erth           0%         2d4       58%         1
 Ensorcelled Hibernation  Hex/Ice        0%         N/A       75%         2
 Lesser Beckoning         Tloc           0%         N/A       75%         2
 Mercury Vapours          Alch/Air       0%         N/A       75%         2
 Static Discharge         Conj/Air       0%         3-3/arc   75%         2
 Fugue of the Fallen      Necr           0%         N/A       92%         3
 Gell's Gravitas          Tloc           0%         N/A       92%         3
 Mephitic Cloud           Conj/Alch/Air  0%         N/A       92%         3
 Passwall                 Erth           0%         N/A       92%         3
 Stone Arrow              Conj/Erth      0%         3d7       92%         3
 Teleport Other           Tloc           0%         N/A       92%         3
 Volatile Blastmotes      Fire/Tloc      0%         2d10      92%         3
 Airstrike                Air            0%         2d(0-16)  100%        4
 Anguish                  Hex/Necr       0%         N/A       100%        4
 Brom's Barrelling Bould  Conj/Erth      0%         2d3       100%        4
 Fulminant Prism          Conj/Alch      0%         3d5       100%        4
 Iskenderun's Mystic Bla  Conj/Tloc      0%         2d3       100%        4
 Summon Lightning Spire   Summ/Air       0%         N/A       100%        4
 Freezing Cloud           Conj/Ice/Air   0%         6-21      100%        5


Dungeon Overview and Level Annotations

Branches:
Dungeon (8/15)             Temple (1/1) D:4
   Lair: D:8-11

Altars:
Ashenzari
Cheibriados
Dithmenos
Elyvilon
Fedhas
Gozag
Hepliaklqana
Kikubaaqudgha
Makhleb
Nemelex Xobeh
Okawaru
Qazlal
Ru
Sif Muna
Trog
Uskayaw
Vehumet
Wu Jian
Xom
Yredelemnul
Zin
The Shining One

Shops:
D:2 :   D:4 !   D:5 *   D:7 *

Annotations:
D:8 Erica


Innate Abilities, Weirdness & Mutations

You cannot be hasted, slowed, berserked, paralysed or teleported.
You can dig through walls and to a lower floor.
You have a pair of large antennae on your head. (SInv)
Your four strong arms can wield two-handed weapons with a shield.


Message History

You hit the steam dragon but do no damage.
The steam dragon is poisoned.
The steam dragon is moderately wounded.
The steam dragon bites you! The steam dragon closely misses you.
The steam dragon attacks as it pursues you!
The steam dragon misses you. You block the steam dragon's attack.
You hit the steam dragon. You burn the steam dragon.
The steam dragon is heavily wounded.
The steam dragon bites you but does no damage.
You block the steam dragon's attack.
You barely miss the steam dragon.
The steam dragon is heavily wounded.
You block the steam dragon's attack. The steam dragon completely misses you.
You closely miss the steam dragon.
The steam dragon is heavily wounded.
The steam dragon breathes steam at you. The ball of steam hits you. You resist.
You sock the steam dragon!
You kill the steam dragon!
The Council accepts your kill.
The bullfrog returns to its original shape as it dies.
Your Armour skill increases to level 8!
You closely miss Erica.
Erica hits you with a +4 scimitar of flaming!
Erica burns you. Erica barely misses you.
Erica hits you with a +4 scimitar of flaming!!
Erica grabs you.
You stop digging.
Erica constricts you.
Unknown command.
Erica casts a spell at you. The bolt of poison hits you!!
You are poisoned.
* * * LOW HITPOINT WARNING * * *
Erica constricts you.
* * * LOW HITPOINT WARNING * * *
You begin to dig a shaft.
You continue digging a shaft.
* * * LOW HITPOINT WARNING * * *
You feel very sick.
Erica hits you with a +4 scimitar of flaming!
You die...
Erica begins burbling mirthfully and uncontrollably.

### .... ###
....# .... .#
.....#####..# ..#
.........x.# #.#
.....#.x## ###..#
#....@####...
####..>.##.#
#.......###
###.##....## .
#.....#..### .#.
######.[....# #..
#......##.#.# ..#
#...#####...##..#
###.# ##...#.#


You could see Erica.

Vanquished Creatures
  Maggie (D:6)
  Sigmund (D:2)
  A shadow (D:7)
  2 steam dragons (D:8)
  Menkaure (D:4)
  A water moccasin (D:7)
  Duvessa (D:4)
  3 ice beasts
  4 black bears
  A tengu (D:6)
  2 ogres
  2 centaurs
  A bullfrog (D:8)
  2 scorpions
  3 wights (D:6)
  Dowan (D:4)
  A howler monkey (D:4)
  2 jellies
  A bombardier beetle (D:7)
  2 hounds
  Crazy Yiuf (D:2)
  Jessica (D:2)
  5 iguanas
  Ijyb (D:4)
  Natasha (twice) (D:3)
  4 orc wizards
  8 gnolls
  7 adders
  2 shadow imps
  A white imp (D:6)
  2 dart slugs
  3 ribbon worms
  28 orcs
  3 bats
  11 endoplasms
  7 giant cockroaches
  5 hobgoblins
  8 jackals
  4 kobolds
  A quokka (D:1)
  7 ball pythons
  5 frilled lizards
  4 goblins
  5 rats
158 creatures vanquished.

Notes
Turn   | Place    | Note
-------+----------+-------------------------------------------
     0 | D:1      | Ivernyr the Formicid Fighter began the quest for the Orb.
     0 | D:1      | Reached XP level 1. HP: 18/18 MP: 1/1
    86 | D:1      | Reached XP level 2. HP: 23/24 MP: 2/2
   518 | D:1      | Reached XP level 3. HP: 28/29 MP: 3/3
   748 | D:2      | Reached XP level 4. HP: 30/37 MP: 4/4
   809 | D:2      | Found a shimmering blue altar of Sif Muna.
   811 | D:2      | Identified the +0 leather armour of Impatience {Str+3}
   884 | D:2      | Noticed Sigmund
   896 | D:2      | Killed Sigmund
   897 | D:2      | Reached skill level 5 in Shields
   897 | D:2      | Reached XP level 5. HP: 33/43 MP: 5/5
   897 | D:2      | Reached XP level 6. HP: 37/49 MP: 6/6
   989 | D:2      | Found Liotreupef's Book Shoppe.
  1024 | D:2      | Noticed Jessica
  1032 | D:2      | Killed Jessica
  1085 | D:2      | Found a runed translucent door.
  1086 | D:2      | Noticed Crazy Yiuf
  1092 | D:2      | Killed Crazy Yiuf
  1900 | D:3      | Noticed Natasha
  1906 | D:3      | Killed Natasha
  2216 | D:3      | Noticed Natasha
  2221 | D:3      | Killed Natasha
  2420 | D:4      | Reached XP level 7. HP: 55/55 MP: 7/7
  2439 | D:4      | Reached skill level 5 in Fighting
  2439 | D:4      | Reached skill level 5 in Armour
  2439 | D:4      | Reached skill level 6 in Shields
  2448 | D:4      | Noticed Menkaure
  2521 | D:4      | Killed Menkaure
  2701 | D:4      | Found a staircase to the Ecumenical Temple.
  2714 | Temple   | Entered the Ecumenical Temple
  2723 | Temple   | Became a worshipper of the Wu Jian Council
  2752 | D:4      | Noticed Dowan
  2753 | D:4      | Noticed Duvessa
  2786 | D:4      | Killed Duvessa
  2787 | D:4      | Reached XP level 8. HP: 58/63 MP: 8/8
  2799 | D:4      | Killed Dowan
  2864 | D:4      | Reached skill level 7 in Shields
  2946 | D:4      | Found Zerrerei's Distillery.
  2952 | D:4      | Bought a potion of heal wounds for 60 gold pieces
  3154 | D:4      | Noticed Ijyb
  3168 | D:4      | Killed Ijyb
  3294 | D:5      | Entered Level 5 of the Dungeon
  3332 | D:5      | Found Ilukaov's Assorted Antiques.
  3336 | D:5      | Reached * piety under Wu Jian
  3337 | D:5      | Reached skill level 5 in Staves
  3404 | D:5      | Reached skill level 1 in Evocations
  3508 | D:5      | Identified the +5 pair of gloves "Elas" {Rampage rN+++
                  | Dex-2 Slay-4}
  3637 | D:5      | Found an opulent altar of Gozag.
  3638 | D:5      | Found a shadowy altar of Dithmenos.
  4341 | D:6      | Reached XP level 9. HP: 65/71 MP: 9/9
  4407 | D:6      | Noticed Maggie
  4433 | D:6      | Reached skill level 8 in Shields
  4468 | D:6      | Killed Maggie
  4522 | D:6      | Reached ** piety under Wu Jian
  4807 | D:6      | Identified the +5 spear "Dyrchubiu" {venom, rElec rPois
                  | rN+++ Int-2}
  5216 | D:7      | Found Leeq's Overcharged Wands.
  5247 | D:7      | Reached skill level 9 in Shields
  5385 | D:7      | Found a broken altar of Ashenzari.
  5394 | D:7      | Reached XP level 10. HP: 73/79 MP: 10/10
  6184 | D:8      | Found a bloodstained altar of Trog.
  6186 | D:8      | Found an iron altar of Okawaru.
  6187 | D:8      | Found a glowing silver altar of Zin.
  6192 | D:8      | Found a shimmering altar of Xom.
  6193 | D:8      | Found a stormy altar of Qazlal.
  6195 | D:8      | Found a shimmering blue altar of Sif Muna.
  6195 | D:8      | Found a radiant altar of Vehumet.
  6196 | D:8      | Found an ancient bone altar of Kikubaaqudgha.
  6198 | D:8      | Found a sacrificial altar of Ru.
  6202 | D:8      | Found a burning altar of Makhleb.
  6203 | D:8      | Found a white marble altar of Elyvilon.
  6249 | D:8      | Noticed Erica
  6262 | D:8      | HP: 4/80 [constriction (2)]
  6263 | D:8      | HP: 1/80 [poisoned by Erica (bolt of poison)]
  6263 | D:8      | Mangled by Erica

Illustrated notes

Levels and vault maps discovered:
D:1:      saegor_arrival_simple_e, layout_loops_cross
D:2:      layout_basic, basic_altar, serial_shops, shop, uniq_jessica,
          uniq_sigmund, uniq_crazy_yiuf_cottage
D:3:      layout_loops_corners, uniq_natasha
D:4:      kennysheep_spiral_hall, layout_cave_pools, minmay_temple_entry_grid,
          serial_column_ruins, column_ruins_grid_1,
          column_ruins_columns_straight, column_ruins_columns_corner,
          column_ruins_columns_dead_end, column_ruins_columns_corner,
          minmay_misc_feat_diagonals, minivault_14, nicolae_stop_n_shop_1,
          uniq_ijyb, uniq_menkaure, uniq_duvessa
D:5:      layout_layer_cave, mainiacjoe_overflow_divided_tiny, serial_shops,
          nicolae_stop_n_shop_2
D:6:      layout_rooms, uniq_maggie
D:7:      layout_basic, mainiacjoe_overflow_24_doors,
          nicolae_shop_overcharged_wands
D:8:      layout_rooms, nicolae_overflow_hallway_of_the_gods, serial_shops,
          shop, uniq_pikel, uniq_erica
Temple:   hellmonk_temple_of_storms

Skill      XL: |  1  2  3  4  5  6  7  8  9 10 |
---------------+-------------------------------+-----
Fighting       | 4 5 6 7 |  7.9
Staves         | 3 4 5 6 |  6.9
Armour         | 4 5 6 7 8 |  8.0
Shields        | 5 6 7 9 |  9.6
Evocations     | 2 4 |  4.9

Action                     |  1- 3 |  4- 6 |  7- 9 | 10-12 || total
---------------------------+-------+-------+-------+-------++-------
  Melee: Quarterstaff      |    81 |    91 |   253 |    49 ||   474
Ability: Dig               |       |       |     2 |     1 ||     3
         Lunge             |       |       |    21 |     3 ||    24
         Whirlwind         |       |       |     8 |     9 ||    17
         Shaft Self        |       |       |       |     2 ||     2
    Use: Potion            |       |     1 |       |       ||     1
         Scroll            |       |       |    10 |       ||    10
   Stab: Paralysed         |       |       |     1 |       ||     1
 Armour: Scale mail        |    47 |    37 |       |       ||    84
         Ring mail         |       |    11 |   111 |    23 ||   145
  Dodge: Dodged            |    35 |    44 |   165 |    26 ||   270
  Block: Buckler           |    14 |    11 |    66 |    13 ||   104

Table legend: (Time is in decaauts)
 A = Elapsed time spent in this place.
 B = Non-inter-level travel time spent in this place.
 C = Inter-level travel time spent in this place.
 D = Time resting spent in this place.
 E = Time spent auto-exploring this place.
 F = Levels seen in this place.
 G = Mean time per level.
                   A        B        C        D        E       F      G
               +--------+--------+--------+--------+--------+-----+--------+
         Total |   6309 |   6129 |    180 |    491 |   4283 |   9 |  701.0 |
       Dungeon |   6290 |   6110 |    180 |    491 |   4283 |   8 |  786.2 |
        Temple |     18 |     18 |      0 |      0 |      0 |   1 |   18.0 |
               +--------+--------+--------+--------+--------+-----+--------+

Top non-repeatable levels by time:
     D:5: 1040 daAuts
     D:3: 984 daAuts
     D:7: 860 daAuts
     D:6: 838 daAuts
     D:4: 833 daAuts
     D:1: 755 daAuts
     D:2: 743 daAuts
     D:8: 233 daAuts
  Temple: 18 daAuts
